Map: 카탈리스트 - 래더

Players

lIIllllIIlll (INnoVation) - Winner!

  • Race: Terran Terran
  • League: Master
  • Spawn Location: 11:00

FanTaSy

  • Race: Terran Terran
  • League: Diamond
  • Spawn Location: 5:00

Event: HomeStory Cup XVII

VOD

Have the link to the VOD?

Description

Time

  • Played on: June 29, 2018, 4:16 p.m.
  • Length: 12:10

All games in this series

Show
View Real Time Build Order
Export as new Build Order

lIIllllIIlll Terran - Winner!

Build Orders: Cyclone Opening, Bio Tank 

Get SALT Encoding   

  12  0:00  SCV  
  13  0:13  SCV  
  14  0:17  Supply Depot  
  14  0:25  SCV  
  14  0:28  Refinery  
  15  0:38  SCV  
  16  0:44  Barracks  
  16  0:51  SCV  
  16  0:55  Refinery  
  17  1:03  SCV  
  18  1:15  SCV  
  19  1:31  Orbital Command  
  19  1:32  Factory  
  19  1:34  Reaper  
  20  1:43  Supply Depot  
  20  1:57  SCV  
  21  2:07  Reaper  
  22  2:09  SCV  
  23  2:15  Cyclone  
  23  2:21  SCV  
  27  2:31  Command Center  
  27  2:33  SCV  
  28  2:39  Barracks Reactor  
  28  2:45  SCV  
  28  2:47  Starport  
  29  2:52  Supply Depot  
  29  2:55  Factory Tech Lab  
  30  2:58  SCV  
  30  3:05  Bunker  
  30  3:10  SCV  
  30  3:16  Marine x2  
  32  3:23  SCV  
  33  3:28  Raven  
  33  3:34  Factory Tech Lab  
  35  3:35  SCV  
  35  3:36  Marine x2  
  38  3:44  Orbital Command  
  38  3:48  SCV  
  39  3:54  Marine x2  
  39  3:55  Siege Tank  
  44  4:00  SCV  
  45  4:06  Supply Depot  
  45  4:09  SCV  
  46  4:12  SCV  
  47  4:21  Starport Reactor  
  47  4:22  Stimpack  
  47  4:24  SCV x2  
  49  4:28  Barracks  
  47  4:33  Barracks  
  47  4:36  SCV  
  47  4:38  SCV  
  46  4:48  SCV  
  46  4:50  Marine, SCV  
  52  4:55  Engineering Bay  
  49  5:00  SCV  
  49  5:02  SCV  
  49  5:05  Starport Reactor  
  49  5:08  Marine  
  49  5:12  SCV  
  51  5:14  SCV  
  51  5:17  Marine  
  51  5:20  Supply Depot  
  54  5:22  Terran Infantry Weapons Level 1  
  54  5:24  SCV  
  54  5:26  Marine, SCV  
  54  5:27  Missile Turret  
  58  5:30  Siege Tank  
  56  5:37  SCV  
  56  5:38  SCV  
  56  5:39  Missile Turret  
  56  5:41  Medivac  
  60  5:46  Medivac  
  60  5:48  Marine  
  60  5:49  Marine x2  
  65  5:57  SCV x2  
  55  6:07  Marine  
  55  6:08  Marine x4  
  55  6:09  SCV, Siege Tank  
  55  6:11  SCV  
  61  6:25  Marine x2  
  61  6:26  Marine x3, SCV  
  61  6:27  SCV  
  61  6:31  Combat Shields  
  68  6:38  Refinery, SCV  
  68  6:39  SCV  
  67  6:43  Marine x3  
  67  6:44  Marine  
  70  6:54  Marine  
  70  6:55  Supply Depot  
  70  7:01  SCV x2  
  69  7:03  Marine  
  69  7:08  Supply Depot  
  70  7:17  Command Center, Medivac x2, Marine x4  
  70  7:21  Supply Depot  
  78  7:23  Marine  
  78  7:24  SCV  
  78  7:28  SCV  
  78  7:29  Refinery  
  81  7:30  Terran Infantry Armor Level 1  
  81  7:34  Marine x3  
  84  7:37  Supply Depot  
  84  7:41  Siege Tank, SCV x2  
  86  7:47  Marine x2  
  85  7:52  Marine x3  
  85  7:53  SCV x2  
  90  8:02  Supply Depot  
  90  8:05  Marine x2, SCV x2  
  91  8:10  Marine x3  
  96  8:14  Siege Tank  
  99  8:24  SCV  
  99  8:25  Marine x2, SCV  
  103  8:28  Marine x3  
  103  8:30  Orbital Command  
  103  8:31  Barracks  
  103  8:33  Barracks  
  106  8:34  Medivac x2  
  106  8:40  SCV x2  
  107  8:43  Marine x2  
  107  8:46  Marine x3  
  110  8:52  SCV x2  
  109  8:55  SCV  
  103  9:04  Engineering Bay, Armory, Siege Tank  
  103  9:09  SCV x3  
  109  9:14  Marine x2  
  109  9:15  Marine  
  112  9:20  Barracks Reactor  
  112  9:21  Barracks Reactor, Marine x2  
  114  9:27  Refinery  
  114  9:28  Refinery, SCV x2  
  114  9:29  Sensor Tower  
  116  9:31  SCV  
  116  9:37  Siege Tank  
  120  9:40  Supply Depot  
  120  9:46  Marine x5  
  116  9:58  Marine x4  
  116  10:04  Marine x2  
  117  10:10  Siege Tank  
  117  10:12  Marine  
  117  10:13  Marine x2  
  122  10:15  Marine  
  122  10:16  Marine x2  
  122  10:17  Medivac  
  122  10:19  Medivac  
  128  10:27  SCV x2  
  130  10:30  Supply Depot x2  
  130  10:31  Orbital Command  
  128  10:43  Siege Tank  
  121  10:51  Marine  
  120  11:01  Sensor Tower, Medivac x2  
  124  11:06  Marine x8  
  124  11:09  Marine  
  133  11:14  Refinery  
  133  11:15  Refinery  
  132  11:25  Siege Tank  
  135  11:30  Marine x5  
  135  11:31  Viking x2  
  144  11:37  Supply Depot x2  
  144  11:39  SCV x3  
  146  12:08  Command Center  
Show
View Real Time Build Order
Export as new Build Order

FanTaSy Terran 

Build Orders: 1/1/1, Cyclone Opening 

Get SALT Encoding   

  12  0:00  SCV  
  13  0:13  SCV  
  14  0:18  Supply Depot  
  14  0:25  SCV  
  15  0:29  Refinery  
  15  0:40  SCV  
  16  0:44  Barracks  
  16  0:52  SCV  
  16  0:55  Refinery  
  17  1:04  SCV  
  18  1:16  SCV  
  19  1:32  Factory, Orbital Command  
  19  1:34  Reaper  
  20  1:45  Supply Depot  
  20  1:57  SCV  
  21  2:06  Reaper  
  22  2:10  SCV  
  23  2:16  Hellion  
  23  2:17  Starport  
  23  2:22  SCV  
  26  2:25  Supply Depot  
  26  2:34  SCV  
  27  2:38  Cyclone  
  27  2:40  Barracks Tech Lab  
  30  2:46  SCV  
  31  2:58  SCV  
  32  3:03  Cloaking Field, Banshee  
  35  3:15  Barracks Reactor  
  35  3:20  Supply Depot  
  35  3:24  Factory Tech Lab  
  35  3:33  Command Center  
  36  3:41  SCV  
  36  3:46  Banshee  
  39  3:53  SCV  
  39  3:55  Supply Depot  
  40  3:57  Siege Tank  
  43  4:05  SCV  
  43  4:08  Marine x2  
  46  4:17  SCV  
  47  4:26  Marine x2  
  47  4:29  SCV, Siege Tank  
  50  4:39  Medivac  
  50  4:41  SCV  
  50  4:45  Orbital Command  
  53  4:47  Marine  
  53  4:48  Marine  
  53  4:51  Refinery  
  55  4:54  SCV  
  56  5:02  Siege Tank  
  56  5:05  Marine x2  
  56  5:06  SCV  
  62  5:13  SCV  
  63  5:15  Viking  
  63  5:18  SCV  
  63  5:19  Supply Depot  
  63  5:20  Supply Depot  
  66  5:23  Marine  
  66  5:25  SCV  
  68  5:39  SCV x2  
  68  5:40  Siege Tank  
  73  5:45  Marine  
  73  5:46  Marine  
  73  5:51  SCV x2  
  73  5:55  Liberator  
  66  6:03  Marine x2, SCV  
  66  6:04  SCV  
  65  6:15  Siege Tank  
  65  6:16  SCV x2  
  70  6:21  Marine x2  
  69  6:28  SCV x2  
  71  6:39  Marine x2  
  71  6:40  SCV x2  
  70  6:50  Barracks  
  70  6:52  Command Center, SCV x2, Barracks  
  61  7:03  Siege Tank  
  61  7:04  SCV x2  
  61  7:06  Refinery  
  66  7:09  Marine  
  66  7:10  Stimpack  
  67  7:16  SCV x2  
  67  7:17  Viking  
  71  7:23  Engineering Bay  
  71  7:25  Engineering Bay  
  71  7:27  Viking, Marine  
  71  7:28  SCV x2  
  76  7:39  Barracks Reactor x2  
  76  7:40  SCV x2, Barracks x2  
  78  7:44  Marine  
  76  7:52  SCV x2, Terran Infantry Weapons Level 1  
  76  7:57  Terran Infantry Armor Level 1  
  78  8:00  Missile Turret  
  78  8:02  Marine  
  78  8:04  SCV  
  78  8:05  SCV  
  81  8:06  Orbital Command  
  81  8:11  Missile Turret  
  81  8:13  Siege Tank  
  82  8:20  Marine  
  82  8:21  Marine x4  
  82  8:26  Viking  
  86  8:27  Viking  
  88  8:34  Marine x2  
  88  8:37  SCV  
  88  8:38  Marine x3  
  88  8:39  Marine x2  
  76  8:52  Marine x2  
  76  8:54  SCV  
  69  8:56  Marine x3  
  69  9:02  SCV x2  
  70  9:06  SCV  
  70  9:08  Medivac  
  73  9:10  Combat Shields  
  73  9:14  SCV  
  73  9:15  SCV  
  75  9:18  Barracks Reactor x2  
  75  9:22  SCV  
  76  9:24  Marine x2  
  76  9:25  Marine  
  76  9:26  SCV  
  80  9:34  Armory  
  79  9:41  Siege Tank  
  79  9:43  SCV x2  
  83  9:46  Marine  
  83  9:47  Marine x4  
  84  9:52  Medivac  
  74  9:53  Medivac  
  74  9:59  Marine x3  
  77  10:01  Marine  
  77  10:04  Marine x4  
  77  10:05  Marine  
  84  10:13  Siege Tank  
  77  10:17  Marine x3  
  77  10:19  Marine  
  69  10:22  Marine x2  
  69  10:29  Marine x3  
  72  10:37  Liberator  
  72  10:45  Siege Tank  
  65  11:05  Marine x3  
  65  11:06  Marine  
  69  11:26  Marine x5  
  69  11:28  Orbital Command  
Tags
 
Add a new tag
Caveats
  • Supply blocks, unpowered buildings, or Contaminate may cause inaccurate times.
  • Supply counts are checked every 10 seconds.